 Dungeon Crawl Stone Soup version 0.31-a0-489-g282fc92437 (webtiles) character file.

Game seed: 17657645557102190590

77 Ethylacetat the Cutter (level 4, -2/31 HPs)
             Began as an Octopode Gladiator on Aug 8, 2023.
             Slain by a centaur (3 damage)
             ... on level 3 of the Dungeon.
             The game lasted 00:02:42 (1414 turns).

Ethylacetat the Cutter (Octopode Gladiator)         Turns: 1414, Time: 00:02:43

Health: -2/31      AC:  1    Str: 13    XL:     4   Next: 34%
Magic:  4/4        EV: 14    Int: 10    God:
Gold:   69         SH:  5    Dex: 15    Spells: 3/3 levels left

rFire   . . .        h - +1 dagger (venom)
rCold   . . .        (no shield)
rNeg    . . .        b - +0 hat
rPois   .            g - amulet of reflection
rElec   .            (no ring)
rCorr   .            (no ring)
SInv    .            (no ring)
Will    .....        (no ring)
Stlth   ++           (no ring)
HPRegen 0.25/turn    (no ring)
MPRegen 0.09/turn    (no ring)
                     (no ring)

%: reflection
@: invisible
A: almost no armour, amphibious, 8 rings, camouflage 1, gelatinous body 1,
(nimble swimmer 1), tentacles
a: no special abilities


You were on level 3 of the Dungeon.
You visited 1 branch of the dungeon, and saw 3 of its levels.

You collected 69 gold pieces.

Inventory:

Hand Weapons
 a - a +0 rapier
 h - a +1 dagger of venom (weapon)
Missiles
 c - 4 throwing nets (quivered)
 d - a javelin
Armour
 b - a +0 hat (worn)
Jewellery
 g - an amulet of reflection (around mantle)
Scrolls
 e - 2 scrolls of immolation {unknown}
 i - 2 scrolls of noise {unknown}
 j - 2 scrolls of identify {unknown}
Potions
 k - a potion of might {unknown}


   Skills:
 + Level 3.4 Fighting
 + Level 4.1 Short Blades
 - Level 2.0 Throwing
 - Level 3.0 Dodging


You had 3 spell levels left.
You didn't know any spells.
Your spell library contained the following spells:

 Spells                   Type           Power      Damage    Failure   Level
 Inner Flame              Hex/Fire       0%         N/A       75%         3
 Volatile Blastmotes      Fire/Tloc      0%         2d10      75%         3
 Alistair's Intoxication  Tmut/Pois      0%         N/A       100%        5


Dungeon Overview and Level Annotations

Branches:
Dungeon (3/15)

Altars:
Kikubaaqudgha

Shops:
D:2 (


Innate Abilities, Weirdness & Mutations

You cannot wear most types of armour.
You are amphibious.
You can wear up to eight rings at the same time.
Your skin changes colour to match your surroundings (Stealth+).
Your rubbery body absorbs attacks. (AC +1, EV +1)
((You are camouflaged when in or above water. (Stealth+)))
You have tentacles for arms and can constrict up to eight enemies at once.


Message History

The arrow misses you.
The centaur shoots an arrow.
The arrow hits you!
The orc shouts!
You hear a shout! x2
The centaur shoots an arrow.
The arrow barely misses you.
A goblin comes into view. It is wielding a +0 club.
The centaur shoots an arrow.
The arrow hits you.
The centaur shoots an arrow.
The arrow hits you!
* * * LOW HITPOINT WARNING * * *
You hear a shout!
Found a robe and a book of Air.
Found a stone staircase leading up.
You start resting.
A centaur is nearby!
Sorry, you're not good enough to have a special ability.
Okay, then.
The centaur shoots an arrow.
The arrow misses you.
An orc priest comes into view.
It is wielding a +2 trident of freezing.
An orc wizard comes into view. It is wielding a +0 dagger.
The centaur unwields a +0 orcbow.
The centaur hits you.
* * * LOW HITPOINT WARNING * * *
The centaur kicks you.
* * * LOW HITPOINT WARNING * * *
You hit the centaur. You squeeze the centaur.
The centaur is moderately wounded.
The orc wizard mumbles some strange words.
The orc wizard flickers and vanishes!
Deactivating autopickup; reactivate with Ctrl-A.
The centaur completely misses you. The centaur closely misses you.
You hear a shout!
You hit the centaur but do no damage.
The centaur is poisoned.
The centaur is moderately wounded.
The centaur hits you.
* * * LOW HITPOINT WARNING * * *
The centaur kicks you.
* * * LOW HITPOINT WARNING * * *
Unknown command.
It was a potion of invisibility.
You fade into invisibility!
The centaur hits you.
You die...

#............###....
...................
###...........##....
####.........).........
.....#.....).)<..†....>
.####...g...............
........#....^.......)..
#.###..o#.#.........####
#.[@#...........#
#..c##oc.......##
...:..............#
...........g........#
.#...................
#...<.....o..........
#......##..........#.#
........ ...{.....##..


You could see a centaur (unable to see you, very poisoned), an orc priest
(unable to see you), an orc (unable to see you) and a goblin (unable to see
you).

Vanquished Creatures
  2 adders
  3 dart slugs
  5 orcs (D:3)
  3 ball pythons
  7 endoplasms
  2 giant cockroaches
  2 hobgoblins (D:1)
  5 kobolds
  2 quokkas (D:2)
  4 bats
  3 frilled lizards (D:1)
  5 goblins
  3 rats
46 creatures vanquished.

Vanquished Creatures (others)
  A kobold (D:3)
1 creature vanquished.

Grand Total: 47 creatures vanquished

Notes
Turn   | Place    | Note
-------+----------+-------------------------------------------
     0 | D:1      | Ethylacetat the Octopode Gladiator began the quest for the
                  | Orb.
     0 | D:1      | Reached XP level 1. HP: 14/14 MP: 1/1
   156 | D:1      | Reached XP level 2. HP: 16/20 MP: 2/2
   493 | D:1      | Reached XP level 3. HP: 23/25 MP: 3/3
   778 | D:2      | Got Sif Muna's Catalogue of Sickening Incineration
   885 | D:2      | Found an ancient bone altar of Kikubaaqudgha.
  1101 | D:2      | Found Tuepin's Weapon Emporium.
  1284 | D:3      | Reached XP level 4. HP: 13/31 MP: 4/4
  1285 | D:3      | Reached skill level 4 in Short Blades
  1402 | D:3      | Noticed a centaur
  1413 | D:3      | HP: 1/31 [centaur (2)]
  1414 | D:3      | Slain by a centaur

Illustrated notes

Levels and vault maps discovered:
D:1:      mrwooster_arrival_statue_3, layout_rooms, minmay_unequal
D:2:      layout_loops_cross, basic_altar, serial_shops, shop, feat_on_display
D:3:      layout_rooms, amcnicky_altar_gilded, mainiacjoe_overflow_alcove_1,
          dreamdust_ecumenical_altar_angels_and_demons

Skill      XL: |  1  2  3  4 |
---------------+-------------+-----
Fighting       | 3 |  3.4
Short Blades   | 4 |  4.1
Throwing       | |  2.0
Dodging        | |  3.0

Action                     |  1- 3 |  4- 6 || total
---------------------------+-------+-------++-------
  Melee: Rapier            |    19 |       ||    19
         Constrict         |    23 |     3 ||    26
         Tentacles         |    12 |     4 ||    16
         Dagger            |    57 |    15 ||    72
         Punch             |     2 |       ||     2
    Use: Potion            |       |     1 ||     1
   Stab: Sleeping          |     6 |       ||     6
 Armour: Skin              |     5 |       ||     5
  Dodge: Dodged            |    46 |    14 ||    60
  Block: Other             |    13 |     4 ||    17
         Reflection        |     1 |       ||     1

Table legend: (Time is in decaauts)
 A = Elapsed time spent in this place.
 B = Non-inter-level travel time spent in this place.
 C = Inter-level travel time spent in this place.
 D = Time resting spent in this place.
 E = Time spent auto-exploring this place.
 F = Levels seen in this place.
 G = Mean time per level.
                   A        B        C        D        E       F      G
               +--------+--------+--------+--------+--------+-----+--------+
         Total |   1400 |   1279 |    121 |     59 |    933 |   3 |  466.7 |
       Dungeon |   1400 |   1279 |    121 |     59 |    933 |   3 |  466.7 |
               +--------+--------+--------+--------+--------+-----+--------+

Top non-repeatable levels by time:
     D:2: 680 daAuts
     D:1: 632 daAuts
     D:3: 87 daAuts
